 Dungeon Crawl Stone Soup version 0.31.0-12-g77e489cdc1 (webtiles) character file.

Game seed: 1481649788015940494

4293 pittasak the Geomancer (level 10, -30/60 HPs)
             Began as an Octopode Earth Elementalist on Feb 13, 2024.
             Was a Follower of Sif Muna.
             Annihilated by a +2 long sword of chaos (64 damage)
             ... on level 7 of the Dungeon on Feb 14, 2024.
             The game lasted 01:59:17 (6300 turns).

pittasak the Geomancer (OpEE)                       Turns: 6300, Time: 01:59:20

Health: -30/60     AC:  5    Str:  7    XL:     10   Next: 32%
Magic:  22/22      EV:  2    Int: 22    God:    Sif Muna [*.....]
Gold:   327        SH:  0    Dex: 19    Spells: 15/26 levels left

rFire   . . .        u - +2 dire flail (protect)
rCold   . . .        (shield currently unavailable)
rNeg    . . .        (helmet restricted)
rPois   .            (no amulet)
rElec   .            j - +4 ring of protection
rCorr   .            e - +6 ring of dexterity
SInv    .            (no ring)
Will    .....        (no ring)
Stlth   ++++         (no ring)
HPRegen 0.30/turn    (no ring)
MPRegen 0.18/turn    (no ring)
                     (no ring)

%: no passive effects
@: sleeping
A: almost no armour, amphibious, 8 rings, camouflage 1, gelatinous body 1,
(nimble swimmer 1), tentacles
a: Renounce Religion, Channel Magic


You were on level 7 of the Dungeon.
You worshipped Sif Muna.
Sif Muna was aware of your devotion.
You visited 2 branches of the dungeon, and saw 8 of its levels.
You also visited: Sewer.

You collected 327 gold pieces.

Inventory:

Hand Weapons
 d - a +0 dagger
 f - a +0 mace
 p - a +0 whip of draining
 u - a +2 dire flail of protection (weapon)
 v - a +3 flail of holy wrath
 x - a +2 whip of flaming
 E - a +2 dagger of speed
 F - a +0 rapier
 H - a +3 trident of draining
Missiles
 g - 5 poisoned darts
 t - 3 boomerangs
 y - 24 stones
Armour
 I - an orb of guile
Jewellery
 e - a +6 ring of dexterity (right tentacle)
 j - a +4 ring of protection (left tentacle)
 o - an amulet of guardian spirit
Talismans
 n - a flux talisman
Wands
 r - a wand of polymorph (12)
 z - a wand of flame (25)
 J - a wand of roots (7)
Scrolls
 b - 3 scrolls of teleportation
 c - 2 scrolls of identify
 k - a scroll of noise
 l - 3 scrolls of blinking
 q - a scroll of vulnerability
 w - a scroll of amnesia
 C - a scroll of torment
 D - a scroll of fear
 K - a scroll of poison
Potions
 a - a potion of magic
 h - a potion of berserk rage
 i - 3 potions of curing
 s - 3 potions of attraction
 A - 2 potions of brilliance
 B - a potion of enlightenment
 G - a potion of degeneration
 L - a potion of haste
Miscellaneous
 m - a sack of spiders (inert)


   Skills:
 + Level 2.2 Fighting
 + Level 4.3 Maces & Flails
 + Level 0.2 Throwing
 + Level 3.5 Dodging
 + Level 5.6 Stealth
 + Level 8.6 Spellcasting
 + Level 4.1 Conjurations
 + Level 8.7 Earth Magic
 + Level 0.5 Evocations


You had 15 spell levels left.
You knew the following spells:

 Your Spells              Type           Power      Damage    Failure   Level
a - Sandblast             Erth           96%        2d20      1%          1
b - Stone Arrow           Conj/Erth      74%        3d11      1%          3
c - Passwall              Erth           48%        N/A       1%          3
d - Petrify               Alch/Erth      28%        N/A       12%         4

Your spell library contained the following spells:

 Spells                   Type           Power      Damage    Failure   Level
 Magic Dart               Conj           100%       1d8       1%          1
 Shock                    Conj/Air       72%        1d7       3%          1
 Brom's Barrelling Bould  Conj/Erth      37%        2d6       4%          4
 Dazzling Flash           Conj/Hex       36%        N/A       9%          3
 Blink                    Tloc           18%        N/A       11%         2
 Call Imp                 Summ           18%        N/A       11%         2
 Mephitic Cloud           Conj/Alch/Air  15%        N/A       12%         3
 Call Canine Familiar     Summ           9%         N/A       22%         3
 Sigil of Binding         Hex            9%         N/A       22%         3
 Swiftness                Air            9%         N/A       22%         3
 Airstrike                Air            4%         2d(1-17)  56%         4
 Dimensional Bullseye     Hex/Tloc       4%         N/A       56%         4
 Ignite Poison            Fire/Alch      9%         N/A       56%         4
 Sticky Flame             Fire/Alch      9%         2d5       56%         4
 Curse of Agony           Necr           9%         N/A       89%         5
 Silence                  Hex/Air        4%         N/A       89%         5
 Ignition                 Fire           4%         3d4       100%        8
 Chain Lightning          Conj/Air       9%         3d12      100%        9
 Fire Storm               Conj/Fire      9%         8d2       100%        9
 Shatter                  Erth           24%        3d21*     100%        9


Dungeon Overview and Level Annotations

Branches:
Dungeon (7/15)             Temple (1/1) D:6           Sewer (visited)

Altars:
Cheibriados
Dithmenos
Elyvilon
Hepliaklqana
Kikubaaqudgha
Makhleb
Nemelex Xobeh
Okawaru
Qazlal
Ru
Sif Muna
Trog
Uskayaw
Wu Jian
Xom
Yredelemnul
Zin
The Shining One

Annotations:
D:7 Killmatronix's ghost, novice GnCK


Innate Abilities, Weirdness & Mutations

You cannot wear most types of armour.
You are amphibious.
You can wear up to eight rings at the same time.
Your skin changes colour to match your surroundings (Stealth+).
Your rubbery body absorbs attacks. (AC +1, EV +1)
((You are camouflaged when in or above water. (Stealth+)))
You have tentacles for arms and can constrict up to eight enemies at once.


Message History

L - a potion of haste You see here a bullfrog corpse.
You now have 327 gold pieces (gained 15).
You see here a bullfrog corpse.
You see here a +0 dagger.
A malevolent force fills the Dungeon...
With a horrendous wail, an alarm goes off!
A sentinel's mark forms upon you.
You see here a bullfrog corpse.
The sentinel's mark upon you fades away.
Found a leather armour.
You see here a +0 leather armour.
Found a scroll of identify.
c - 2 scrolls of identify (gained 1)
Things that are here:
a +0 falchion; a +0 ring mail Killmatronix's ghost turns its malevolent gaze towards you.
You reach into the sack... ...and things crawl out!
The sack is emptied!
You open the door. The +2 long sword of chaos hits you!!
You are poisoned.
Your scorpion misses the +2 long sword of chaos.
You feel extremely sick.
The +2 long sword of chaos closely misses your redback.
Your scorpion closely misses the +2 long sword of chaos.
Your redback completely misses the +2 long sword of chaos.
You feel better.
The +2 long sword of chaos hits your redback!
Your scorpion stings the +2 long sword of chaos but does no damage.
The +2 long sword of chaos closely misses your redback.
Your redback bites the +2 long sword of chaos!
Your redback barely misses the +2 long sword of chaos.
The +2 long sword of chaos hits you.
You fall asleep.
Your redback bites the +2 long sword of chaos but does no damage.
Your scorpion barely misses the +2 long sword of chaos.
Killmatronix's ghost hits your redback!
Killmatronix's ghost freezes your redback.
The +2 long sword of chaos hits you!!!
Ouch! That really hurt!
You die...

############ #####.####
#..........# #.....#...
#..........## #.###.#...
#...........# #..[###)_.
#...........#######...#...
#....###............###...
######/#....#######...####
#._Wss..# ######..
##.#(@#.# ####.. ###..#.#
######....# ####.##
#......#### #..###.######
##.#...# #####.#.########
#..............####
#####..#######..... ##..#
######


You could see a +2 long sword of chaos (ally target), Killmatronix's ghost, a
friendly redback (summoned) and a friendly scorpion (summoned).

Vanquished Creatures
  Pikel (D:5)
  Jeremiah (D:7)
  Maggie (D:6)
  Grinder (D:4)
  Eustachio (D:6)
  Menkaure (D:7)
  2 water moccasins (D:5)
  Duvessa (D:5)
  An orc warrior (D:4)
  A black bear (D:5)
  3 sky beasts
  An ice beast (D:7)
  An ogre (D:4)
  A lemure (D:5)
  2 phantoms
  2 gnoll sergeants (D:6)
  4 bullfrogs
  2 scorpions
  Dowan (D:5)
  A crimson imp (D:4)
  5 hounds
  2 jellies
  4 orc priests (D:7)
  2 bombardier beetles
  A sleepcap (D:6)
  3 iguanas
  Ijyb (D:5)
  4 orc wizards
  4 gnolls
  7 adders
  A river rat (D:3)
  A shadow imp (D:5)
  4 white imps
  4 ufetubi
  5 dart slugs
  3 ribbon worms
  11 orcs
  22 endoplasms
  14 giant cockroaches
  6 goblins
  4 hobgoblins
  7 jackals
  5 kobolds
  5 quokkas
  11 ball pythons
  5 bats
  16 frilled lizards
  7 rats
  A spectral hobgoblin (D:1)
194 creatures vanquished.

Vanquished Creatures (collateral kills)
  Edmund (D:5)
  Blork the orc (D:5)
  An orc priest (D:5)
  2 gnolls (D:6)
  An adder (D:5)
6 creatures vanquished.

Grand Total: 200 creatures vanquished

Notes
Turn   | Place    | Note
-------+----------+-------------------------------------------
     0 | D:1      | pittasak the Octopode Earth Elementalist began the quest
                  | for the Orb.
     0 | D:1      | Reached XP level 1. HP: 11/11 MP: 3/3
    56 | D:1      | Found a faded altar of an unknown god.
   171 | D:1      | Reached XP level 2. HP: 17/17 MP: 3/5
   289 | D:1      | Reached XP level 3. HP: 12/21 MP: 2/6
   951 | D:2      | Reached XP level 4. HP: 27/27 MP: 6/8
  1266 | D:2      | Learned a level 3 spell: Stone Arrow
  1270 | D:2      | Learned a level 3 spell: Passwall
  1377 | D:3      | Found a glowing drain.
  1632 | D:3      | Reached XP level 5. HP: 18/32 MP: 8/10
  2000 | Sewer    | Entered a sewer
  2303 | Sewer    | Reached skill level 1 in Maces & Flails
  2303 | Sewer    | Reached XP level 6. HP: 35/37 MP: 8/12
  2464 | D:4      | You fall into a shaft and drop 1 floor!
  2464 | D:5      | Entered Level 5 of the Dungeon
  2550 | D:4      | Reached skill level 5 in Earth Magic
  2917 | D:4      | Reached XP level 7. HP: 42/42 MP: 5/13
  2988 | D:4      | Noticed Grinder
  3030 | D:4      | Killed Grinder
  3717 | D:4      | Reached skill level 5 in Spellcasting
  3766 | D:5      | Reached XP level 8. HP: 41/47 MP: 8/15
  3792 | D:5      | Noticed Blork the orc
  3806 | D:5      | Killed Blork the orc
  3843 | D:5      | Noticed Edmund
  3860 | D:5      | Killed Edmund
  3934 | D:5      | Noticed Pikel
  3992 | D:5      | Killed Pikel
  3993 | D:5      | Reached skill level 1 in Fighting
  3993 | D:5      | Reached skill level 5 in Stealth
  3993 | D:5      | Reached XP level 9. HP: 53/53 MP: 11/18
  4167 | D:5      | Noticed Duvessa
  4167 | D:5      | Noticed Dowan
  4201 | D:5      | Killed Dowan
  4201 | D:5      | Killed Duvessa
  4405 | D:5      | Noticed Ijyb
  4411 | D:5      | Killed Ijyb
  4689 | D:6      | Noticed Eustachio
  4732 | D:6      | Found a staircase to the Ecumenical Temple.
  4741 | Temple   | Entered the Ecumenical Temple
  4850 | Temple   | Became a worshipper of Sif Muna the Loreminder
  5083 | D:6      | Noticed Maggie
  5118 | D:6      | Killed Maggie
  5168 | D:6      | Found a stormy altar of Qazlal.
  5352 | D:6      | Found a basalt altar of Yredelemnul.
  5420 | D:6      | Killed Eustachio
  5558 | D:7      | Reached XP level 10. HP: 29/60 MP: 15/21
  5626 | D:7      | Found a runed translucent door.
  5626 | D:7      | Found a shimmering altar of Xom.
  5626 | D:7      | Noticed a +2 long sword of chaos
  5626 | D:7      | Noticed Killmatronix's ghost (novice GnCK)
  5675 | D:7      | Reached * piety under Sif Muna
  5675 | D:7      | Noticed Jeremiah
  5815 | D:7      | Learned a level 4 spell: Petrify
  5870 | D:7      | Killed Jeremiah
  5946 | D:7      | Found a sparkling altar of Nemelex Xobeh.
  6056 | D:7      | Noticed Menkaure
  6058 | D:7      | Killed Menkaure
  6300 | D:7      | Annihilated by a +2 long sword of chaos

Illustrated notes

Levels and vault maps discovered:
D:1:      tarquinn_simple_flora_water_f, layout_basic,
          dreamdust_ecumenical_altar_drowned_temple
D:2:      layout_basic
D:3:      minmay_door_path, layout_basic, portal_sewer_entry_a
D:4:      layout_basic, minmay_fire_ice_demons, uniq_grinder
D:5:      minmay_skewed_foursquare, layout_basic, uniq_blork_the_orc,
          uniq_edmund, uniq_ijyb, uniq_pikel, uniq_duvessa
D:6:      layout_basic, nicolae_qazlal_beasts_of_the_sky, marbit_many_paths,
          minmay_temple_entry_slanted, uniq_eustachio, uniq_maggie
D:7:      layout_rooms, mainiacjoe_overflow_alcove_2, ebering_ghost_xom,
          uniq_menkaure, uniq_jeremiah
Temple:   zaba_magenta_temple

Skill      XL: |  1  2  3  4  5  6  7  8  9 10 |
---------------+-------------------------------+-----
Spellcasting   | 3 4 5 6 7 8 |  8.6
Earth Magic    | 4 5 6 7 8 |  8.7
Stealth        | 3 4 5 |  5.6
Maces & Flails | 1 2 4 |  4.3
Conjurations   | 3 4 |  4.1
Fighting       | 1 2 |  2.2
Dodging        | 3 |  3.5
Throwing       | |  0.2
Evocations     | |  0.5

Action                     |  1- 3 |  4- 6 |  7- 9 | 10-12 || total
---------------------------+-------+-------+-------+-------++-------
  Melee: Mace              |    16 |    52 |       |       ||    68
         Constrict         |     7 |    12 |    16 |     1 ||    36
         Tentacles         |     5 |    15 |    21 |     2 ||    43
         Punch             |       |     2 |     1 |       ||     3
         Whip              |       |     9 |    19 |       ||    28
         Dire flail        |       |       |    44 |     5 ||    49
  Throw: Dart              |       |     2 |       |       ||     2
   Cast: Sandblast         |    37 |    87 |    62 |    33 ||   219
         Stone Arrow       |       |     7 |    17 |     4 ||    28
         Passwall          |       |     1 |       |       ||     1
         Petrify           |       |       |       |     1 ||     1
  Evoke: Sack of spiders   |       |       |     3 |     1 ||     4
    Use: Scroll            |     5 |     8 |     6 |     2 ||    21
         Potion            |       |     1 |     2 |     2 ||     5
   Stab: Sleeping          |       |    10 |     1 |       ||    11
 Armour: Skin              |    16 |    42 |    54 |    11 ||   123
  Dodge: Dodged            |    30 |    56 |    71 |     5 ||   162
